 Dungeon Crawl Stone Soup version 0.29-a0-11-ga75d3d97ab (webtiles) character file.

Game seed: 15052189726804173099

147 issech the Cudgeller (level 5, -3/53 HPs)
             Began as a Troll Monk on Jan 28, 2022.
             Slain by an ogre (18 damage)
             ... on level 4 of the Dungeon.
             The game lasted 00:08:20 (2420 turns).

issech the Cudgeller (Troll Monk)                   Turns: 2420, Time: 00:08:21

Health: -3/53      AC:  4    Str: 19    XL:     5   Next: 7%
Magic:  4/4        EV: 10    Int:  6    God:
Gold:   80         SH:  0    Dex: 14    Spells: 4/4 levels left

rFire   . . .      SeeInvis .   a - +0 mace
rCold   . . .      Faith    .   (no shield)
rNeg    . . .      Spirit   .   b - +0 robe
rPois   .          Reflect  .   (helmet restricted)
rElec   .          Harm     .   (no cloak)
rCorr   .          Rampage  .   (gloves unavailable)
Will    .....                   (boots unavailable)
Stlth   ++........              (no amulet)
HPRegen 0.97/turn               (no ring)
MPRegen 0.09/turn               (no ring)

@: no status effects
A: large, unfitting armour, claws 3, regeneration 1, shaggy fur 1, tough skin 1
a: no special abilities


You were on level 4 of the Dungeon.
You visited 1 branch of the dungeon, and saw 4 of its levels.

You collected 80 gold pieces.

Inventory:

Hand Weapons
 a - a +0 mace (weapon)
Missiles
 d - 118 stones (quivered)
 g - 6 poisoned darts
Armour
 b - a +0 robe (worn)
Wands
 k - a wand of flame (25)
 l - a wand of polymorph (6)
Scrolls
 c - 5 scrolls of amnesia {unknown}
 e - a scroll of brand weapon {unknown}
 h - 3 scrolls of vulnerability {unknown}
 m - a scroll of teleportation {unknown}
 n - 3 scrolls of identify {unknown}
 p - 4 scrolls of noise {unknown}
Potions
 f - a potion of lignification {unknown}
 i - a potion of might {unknown}
 j - a potion of heal wounds {unknown}
 o - 2 potions of flight {unknown}


   Skills:
 + Level 3.3 Fighting
 + Level 4.0 Maces & Flails
 + Level 3.1 Dodging
 + Level 1.1 Stealth


You had 4 spell levels left.
You didn't know any spells.
Your spell library was empty.

Dungeon Overview and Level Annotations

Branches:
Dungeon (4/15)
 Temple: D:4-7

Altars:


Innate Abilities, Weirdness & Mutations

You are too large for most types of armour.
You have claws for hands.
Your natural rate of healing is unusually fast.
You are covered in fur. (AC +1)
You have tough skin. (AC +1)


Message History

The endoplasm is almost dead.
The endoplasm hits you.
You thump the endoplasm!
You kill the endoplasm!
Found 29 stones.
An ogre comes into view. It is wielding a +0 giant club.
You see here 3 scrolls labelled WUCUT MAFEC.
The ogre shouts!
The ogre barely misses you.
You hit the ogre but do no damage.
The ogre hits you with a +0 giant club!!
You see here 3 scrolls labelled WUCUT MAFEC.
p - 4 scrolls labelled WUCUT MAFEC (gained 3)
You hit the ogre.
The ogre is lightly wounded.
The ogre closely misses you.
You hit the ogre.
The ogre is moderately wounded.
The ogre barely misses you.
You hit the ogre.
The ogre is moderately wounded.
The ogre closely misses you.
You hit the ogre.
The ogre is moderately wounded.
The ogre hits you with a +0 giant club!!
The ogre barely misses you. The ogre misses you.
You sock the ogre!
The ogre is heavily wounded.
The ogre barely misses you.
You barely miss the ogre.
The ogre is heavily wounded.
The ogre hits you with a +0 giant club!
You sock the ogre!
The ogre is severely wounded.
The ogre hits you with a +0 giant club!
* * * LOW HITPOINT WARNING * * *
There is an escape hatch in the ceiling here.
The ogre hits you with a +0 giant club!!
You die...

#.##.......###..#
#.#....).....#..#
#...........[#..#
#............#..###
###................###
.............##.##...#
##...........##.####.###
##.........###.........
#....@O....####.......
#..........# ##......
#..........# #......
#..........# #......
#..........# #......
##<.......## #......
##......## #######
########


You could see an ogre.

Vanquished Creatures
  An iguana (D:4)
  4 gnolls
  An adder (D:3)
  A worm (D:2)
  2 dart slugs
  4 orcs (D:3)
  9 bats
  3 endoplasms
  4 goblins
  9 hobgoblins
  3 jackals (D:3)
  A quokka (D:3)
  4 ball pythons
  3 frilled lizards
  7 kobolds
  8 rats
64 creatures vanquished.

Notes
Turn   | Place    | Note
-------+----------+-------------------------------------------
     0 | D:1      | issech the Troll Monk began the quest for the Orb.
     0 | D:1      | Reached XP level 1. HP: 22/22 MP: 0/0
   190 | D:1      | Found a faded altar of an unknown god.
   255 | D:1      | Reached skill level 3 in Maces & Flails
   255 | D:1      | Reached XP level 2. HP: 29/29 MP: 1/1
   772 | D:2      | Reached XP level 3. HP: 36/36 MP: 2/2
  1404 | D:2      | Reached XP level 4. HP: 15/44 MP: 3/3
  2348 | D:4      | Reached skill level 4 in Maces & Flails
  2348 | D:4      | Reached XP level 5. HP: 31/53 MP: 4/4
  2377 | D:4      | Noticed an ogre
  2420 | D:4      | Slain by an ogre

Illustrated notes

Levels and vault maps discovered:
D:1:      roderic_octagonal_star, layout_rooms, nicolae_ecumenical_lake_church
D:2:      layout_basic
D:3:      layout_rooms, serial_rivers, chequers_serial_rivers_large_b,
          chequers_serial_rivers_marsh, chequers_serial_rivers_small_a,
          chequers_serial_rivers_micro_a, chequers_serial_rivers_large_a,
          roderic_serpentine_path, minmay_misc_feat_tiny
D:4:      layout_rooms, serial_shops, nicolae_inconvenience_store

Skill      XL: |  1  2  3  4 |
---------------+-------------+-----
Maces & Flails | 3 4 |  4.0
Fighting       | 3 |  3.3
Dodging        | 3 |  3.1
Stealth        | |  1.1

Action                   |  1- 3 |  4- 6 || total
-------------------------+-------+-------++-------
Melee: Mace              |   145 |    79 ||   224
       Punch             |     2 |     1 ||     3
Armor: Robe              |    87 |    20 ||   107
Dodge: Dodged            |   121 |    50 ||   171

Table legend: (Time is in decaauts)
 A = Elapsed time spent in this place.
 B = Non-inter-level travel time spent in this place.
 C = Inter-level travel time spent in this place.
 D = Time resting spent in this place.
 E = Time spent auto-exploring this place.
 F = Levels seen in this place.
 G = Mean time per level.
                   A        B        C        D        E       F      G
               +--------+--------+--------+--------+--------+-----+--------+
         Total |   2525 |   2461 |     64 |     54 |   1117 |   4 |  631.2 |
       Dungeon |   2525 |   2461 |     64 |     54 |   1117 |   4 |  631.2 |
               +--------+--------+--------+--------+--------+-----+--------+

Top non-repeatable levels by time:
     D:3: 882 daAuts
     D:2: 788 daAuts
     D:1: 651 daAuts
     D:4: 202 daAuts
